 Dungeon Crawl Stone Soup version 0.29-a0-541-gaf1fc19f1b (webtiles) character file.

Game seed: 8131089966700519404

5 CryoSword the Conjurer (level 1, 0/14 HPs)
             Began as a Draconian Conjurer on June 2, 2022.
             Slain by a jackal (3 damage)
             ... on level 1 of the Dungeon.
             The game lasted 00:00:21 (206 turns).

CryoSword the Conjurer (Draconian Conjurer)          Turns: 206, Time: 00:00:22

Health: 0/14       AC:  4    Str:  9    XL:     1   Next: 66%
Magic:  0/3        EV: 12    Int: 18    God:
Gold:   0          SH:  0    Dex:  9    Spells: 3/4 levels left

rFire   . . .      SeeInvis .   (no weapon)
rCold   . . .      Faith    .   (no shield)
rNeg    . . .      Spirit   .   (body armour unavailable)
rPois   .          Reflect  .   (helmet restricted)
rElec   .          Harm     .   (no cloak)
rCorr   .          Rampage  .   (no gloves)
Will    .....                   (no boots)
Stlth   ++........              (no amulet)
HPRegen 0.04/turn               (no ring)
MPRegen 0.08/turn               (no ring)

@: no status effects
A: AC +4, unfitting armour, cold-blooded
a: no special abilities


You were on level 1 of the Dungeon.
You visited 1 branch of the dungeon, and saw 1 of its levels.

Inventory:

Scrolls
 b - a scroll of teleportation {unknown}


   Skills:
 - Level 1.7 Dodging
 - Level 1.7 Stealth
 - Level 2.0 Spellcasting
 + Level 4.3 Conjurations


You had 3 spell levels left.
You knew the following spells:

 Your Spells              Type           Power      Damage    Failure   Level
a - Magic Dart            Conj           68%        1d6       3%          1

Your spell library contained the following spells:

 Spells                   Type           Power      Damage    Failure   Level
 Searing Ray              Conj           34%        2d5       4%          2
 Dazzling Flash           Conj/Hex       18%        N/A       22%         3
 Fulminant Prism          Conj/Hex       4%         3d6       58%         4
 Iskenderun's Mystic Bla  Conj/Tloc      9%         2d4       58%         4


Dungeon Overview and Level Annotations

Branches:
Dungeon (1/15)

Altars:


Innate Abilities, Weirdness & Mutations

Your plain brown scales are hard. (AC +4)
You cannot fit into any form of body armour.
You are cold-blooded and may be slowed by cold attacks.


Message History

Welcome, CryoSword the Draconian Conjurer.
You feel drawn to the Orb of Zot, downwards into the unfathomable depths...
Found a staircase leading out of the dungeon.
b - a scroll labelled HUVOME ZIARIF A dart slug comes into view.
A dart slug is nearby!
A dart slug is nearby!
The dart slug launches a dart at you. The slug dart hits you.
Aim: a dart slug (100% to hit)
The magic dart hits the dart slug.
Aim: a dart slug (moderately wounded, 100% to hit)
The magic dart hits the dart slug.
Aim: a dart slug (severely wounded, 100% to hit)
The magic dart hits the dart slug.
The dart slug bites you but does no damage.
You hit the dart slug. The dart slug barely misses you.
You hit the dart slug.
You kill the dart slug!
No target in view!
Unknown command.
You see here a dart slug corpse.
Found a stone staircase leading down.
A quokka comes into view.
A quokka is nearby!
A quokka is nearby!
Aim: a quokka (asleep, 100% to hit)
The magic dart hits the quokka but does no damage.
Aim: a quokka (100% to hit)
The magic dart hits the quokka.
Aim: a quokka (severely wounded, 100% to hit)
The magic dart hits the quokka.
You kill the quokka!
A jackal and a hobgoblin come into view.
There are monsters nearby!
There are monsters nearby!
There are monsters nearby!
A hobgoblin comes into view.
The hobgoblin shouts! x2; The jackal barks!
Aim: a jackal (100% to hit)
The magic dart hits the jackal.
A jackal comes into view.
Aim: a jackal (almost dead, 100% to hit)
You miscast Magic Dart.
You are very lightly contaminated with residual magic.
Nothing appears to happen.
The jackal barks!
The jackal pauses to sniff the ground.
The jackal barely misses you. The jackal attacks as you move away!
The jackal bites you but does no damage. x2
Your magical contamination has completely faded away.
The jackal misses you. The jackal attacks as you move away!
The jackal bites you but does no damage.
The jackal bites you. The jackal attacks as you move away!
The jackal closely misses you.
The jackal bites you but does no damage.
Aim: a jackal (moderately wounded, 100% to hit)
The magic dart hits the jackal but does no damage.
The jackal barely misses you.
Aim: a jackal (moderately wounded, 100% to hit)
The magic dart hits the jackal.
The jackal closely misses you. x2
You don't have enough magic to cast this spell.
You hit the jackal but do no damage. The jackal bites you.
You hit the jackal.
Your tail-slap misses the jackal.
The jackal completely misses you.
You hit the jackal.
Your tail-slap misses the jackal.
The jackal closely misses you.
The jackal bites you but does no damage.
You hit the jackal but do no damage. The jackal bites you.
You barely miss the jackal.
Your tail-slap misses the jackal.
The jackal bites you.
* * * LOW HITPOINT WARNING * * *
The jackal bites you but does no damage.
You miss the jackal. The jackal barely misses you.
Aim: a jackal (moderately wounded, 100% to hit)
The magic dart hits the jackal.
You kill the jackal!
Magic courses through your body. The jackal bites you.
* * * LOW HITPOINT WARNING * * *
The jackal barely misses you.
Aim: a jackal (moderately wounded, 100% to hit)
The magic dart hits the jackal but does no damage.
The jackal bites you but does no damage.
Aim: a jackal (moderately wounded, 100% to hit)
The magic dart hits the jackal but does no damage.
The jackal bites you but does no damage.
The jackal misses you.
Aim: a jackal (moderately wounded, 100% to hit)
The magic dart hits the jackal.
The jackal closely misses you.
You don't have enough magic to cast this spell.
You closely miss the jackal.
Your tail-slap misses the jackal.
The jackal bites you but does no damage.
You hit the jackal but do no damage. The jackal closely misses you.
The jackal bites you but does no damage.
You hit the jackal but do no damage. The jackal closely misses you.
You barely miss the jackal.
The jackal bites you but does no damage.
The jackal closely misses you.
You closely miss the jackal. The jackal bites you.
You die...

.. .. #.### #...# ##..######.#
#.. ....†......# ..#
.#....###### ########.#
!#.........##########......#.#
#............ggh@...#.####.#.#
#......############.#.#<.#.#.#
#####..# #.#.#....#.# #..#
#.#.######.# #..#
#.#........## ..P#
#...######..# ...P#
#...######..# ⌠P.P#
#...........# #...........#


You could see a jackal and 2 hobgoblins.

Vanquished Creatures
  A dart slug (D:1)
  A jackal (D:1)
  A quokka (D:1)
3 creatures vanquished.

Vanquished Creatures (others)
  2 plants (D:1)
2 creatures vanquished.

Grand Total: 5 creatures vanquished

Notes
Turn   | Place    | Note
-------+----------+-------------------------------------------
     0 | D:1      | CryoSword the Draconian Conjurer began the quest for the
                  | Orb.
     0 | D:1      | Reached XP level 1. HP: 14/14 MP: 3/3
   206 | D:1      | Slain by a jackal

Illustrated notes

Levels and vault maps discovered:
D:1:      zelgadis_glass_arrival_small, layout_rooms,
          shapermc_ecumenical_altar_mp_ritualfount, nicolae_wormholes

Action                   || total
-------------------------++-------
Melee: Unarmed           ||    13
 Cast: Magic Dart        ||    13
  Use: Potion            ||     1
Armor: Skin              ||    12
Dodge: Dodged            ||    16

Table legend: (Time is in decaauts)
 A = Elapsed time spent in this place.
 B = Non-inter-level travel time spent in this place.
 C = Inter-level travel time spent in this place.
 D = Time resting spent in this place.
 E = Time spent auto-exploring this place.
 F = Levels seen in this place.
 G = Mean time per level.
                   A        B        C        D        E       F      G
               +--------+--------+--------+--------+--------+-----+--------+
         Total |    206 |    206 |      0 |      0 |    152 |   1 |  206.0 |
       Dungeon |    206 |    206 |      0 |      0 |    152 |   1 |  206.0 |
               +--------+--------+--------+--------+--------+-----+--------+

Top non-repeatable levels by time:
     D:1: 206 daAuts
